 Dungeon Crawl Stone Soup version 0.22-a0-467-g5c5de1c (webtiles) character file.

359 incide the Charmwright (level 6, -1/51 HPs)
             Began as a Gnoll Skald on June 10, 2018.
             Slain by Muffinman's ghost (2 damage)
             ... on level 4 of the Dungeon.
             The game lasted 00:05:19 (1936 turns).

incide the Charmwright (Gnoll Skald)                Turns: 1936, Time: 00:05:21

Health: -1/51      AC:  3    Str: 14    XL:     6   Next: 65%
Magic:  7/14       EV: 14    Int: 17    God:
Gold:   126        SH:  0    Dex: 14    Spells: 4/15 levels left

rFire    . . .     SeeInvis .   a - +0 hand axe
rCold    . . .     Gourm    .   (no shield)
rNeg     . . .     Faith    .   b - +0 leather armour
rPois    .         Spirit   .   (no helmet)
rElec    .         Reflect  .   (no cloak)
rCorr    .         Harm     .   (no gloves)
MR       .....                  (no boots)
Stlth    ++........             (no amulet)
HPRegen  0.17/turn              (no ring)
MPRegen  0.14/turn              (no ring)

@: very slightly contaminated
A: distributed training, fangs 1, strong nose
a: no special abilities


You were on level 4 of the Dungeon.
You were near starving.

You visited 1 branch of the dungeon, and saw 4 of its levels.

You collected 126 gold pieces.

Inventory:

Hand Weapons
 a - a +0 hand axe (weapon)
Armour
 b - a +0 leather armour (worn)
Scrolls
 c - 2 scrolls of enchant armour {unknown}
 e - a scroll of teleportation {unknown}
 f - 4 scrolls of remove curse {unknown}
 i - 2 scrolls of fear {unknown}
 l - 3 scrolls of identify {unknown}
 m - a scroll of enchant weapon {unknown}
 o - a scroll of noise {unknown}
 p - a scroll of amnesia {unknown}
 q - a scroll of immolation {unknown}
Potions
 g - a potion of mutation {unknown}
 h - a potion of resistance {unknown}
 j - a potion of might {unknown}
 k - 2 potions of heal wounds {unknown}
 n - a potion of curing {unknown}
Comestibles
 d - 5 rations


   Skills:
 + Level 5.0 Fighting
 + Level 2.0 Short Blades
 + Level 2.0 Long Blades
 + Level 5.0 Axes
 + Level 2.0 Maces & Flails
 + Level 2.0 Polearms
 + Level 2.0 Staves
 + Level 2.0 Slings
 + Level 2.0 Bows
 + Level 2.0 Crossbows
 + Level 2.0 Throwing
 + Level 3.3 Armour
 + Level 5.0 Dodging
 + Level 2.0 Stealth
 + Level 2.0 Shields
 + Level 2.0 Unarmed Combat
 + Level 5.4 Spellcasting
 + Level 1.6 Conjurations
 + Level 1.6 Hexes
 + Level 5.7 Charms
 + Level 1.6 Summonings
 + Level 1.6 Necromancy
 + Level 1.6 Translocations
 + Level 1.6 Transmutations
 + Level 1.6 Fire Magic
 + Level 1.6 Ice Magic
 + Level 1.6 Air Magic
 + Level 1.6 Earth Magic
 + Level 1.6 Poison Magic
 + Level 2.2 Invocations
 + Level 2.0 Evocations


You had 4 spell levels left.
You knew the following spells:

 Your Spells              Type           Power        Failure   Level  Hunger
a - Infusion              Chrm           ###.         1%          1    None
b - Song of Slaying       Chrm           ###.....     2%          2    #......
c - Shroud of Golubria    Chrm/Tloc      ###.......   5%          2    #......
d - Regeneration          Chrm/Necr      ###.......   11%         3    ##.....
e - Spectral Weapon       Hex/Chrm       ###.....     11%         3    ##.....

Your spell library contained the following spells:

 Spells                   Type           Power        Failure   Level  Hunger


Dungeon Overview and Level Annotations

Branches:
Dungeon (4/15)
 Temple: D:4-7

Altars:
Yredelemnul

Annotations:
D:4 Muffinman's ghost, amateur MiFi


Innate Abilities, Weirdness & Mutations

Your experience applies equally to all skills.
You have very sharp teeth.
Your uncanny sense of smell can sniff out nearby items.


Message History

Casting: Spectral Weapon (safe; 11% risk of failure)
Confirm with . or Enter, or press ? or * to list all spells.
You draw out your weapon's spirit!
Muffinman's ghost barely misses you.
You hit Muffinman's ghost but do no damage.
Your spectral weapon hits Muffinman's ghost.
Muffinman's ghost hits you!
You barely miss Muffinman's ghost.
Muffinman's ghost is lightly damaged.
You hit the ooze.
Your spectral weapon hits Muffinman's ghost.
Your spectral weapon hits the ooze.
Muffinman's ghost closely misses you.
Your shroud bends the ooze's attack away.
You hit Muffinman's ghost.
Muffinman's ghost is lightly damaged.
You barely miss the ooze.
Your spectral weapon hits Muffinman's ghost but does no damage.
Your spectral weapon hits the ooze.
Muffinman's ghost hits you!
* * * LOW HITPOINT WARNING * * *
Your shroud falls apart!
You die...

#....#.........#
#..#.#.#<#.#.##...#.#
####+#.....#.# #...
......#....#.# #...
......#.....<## #.. # ∆
......(..#...#.##.##.#
######...#.........#.#
♣♣♣♣♣###.......#.....#
....♣♣♣###...#..@(.#
.......♣♣#...#.#JW.#
........♣#...+.....### #
........♣#...#.......########.#
........♣#........##.##.......#
♣♣♣.._..♣#........##w#........#
#♣⌠.⌠♣#♣........##.#......#
#♣♣♣#♣..#......##.##.###.#.# .
#......##............


You could see a worm, Muffinman's ghost, an ooze and a friendly spectral hand
axe.

Vanquished Creatures
  Sigmund (D:2)
  An ogre (D:4)
  An orc wizard (D:3)
  3 adders
  An ooze (D:1)
  2 adder skeletons (D:4)
  2 worms
  2 leopard geckos
  2 orcs (D:3)
  A ball python (D:1)
  7 bats
  3 giant cockroaches
  6 goblins
  3 hobgoblins (D:1)
  5 jackals (D:1)
  A quokka (D:4)
  4 frilled lizards
  8 kobolds
  A leopard gecko skeleton (D:4)
  6 rats
60 creatures vanquished.

Notes
Turn   | Place    | Note
-------+----------+-------------------------------------------
     0 | D:1      | incide the Gnoll Skald began the quest for the Orb.
     0 | D:1      | Reached XP level 1. HP: 20/20 MP: 6/6
   141 | D:1      | Reached XP level 2. HP: 26/26 MP: 7/7
   200 | D:1      | Reached XP level 3. HP: 26/31 MP: 9/9
   204 | D:1      | Learned a level 2 spell: Song of Slaying
   207 | D:1      | Learned a level 2 spell: Shroud of Golubria
   211 | D:1      | Learned a level 3 spell: Regeneration
   220 | D:1      | Learned a level 3 spell: Spectral Weapon
   289 | D:1      | Reached skill level 5 in Spellcasting
   719 | D:2      | Noticed Sigmund
   756 | D:1      | Reached skill level 1 in Invocations
   986 | D:2      | Killed Sigmund
   986 | D:2      | Reached skill level 1 in Short Blades
   986 | D:2      | Reached skill level 1 in Long Blades
   986 | D:2      | Reached skill level 1 in Maces & Flails
   986 | D:2      | Reached skill level 1 in Polearms
   986 | D:2      | Reached skill level 1 in Staves
   986 | D:2      | Reached skill level 1 in Slings
   986 | D:2      | Reached skill level 1 in Bows
   986 | D:2      | Reached skill level 1 in Crossbows
   986 | D:2      | Reached skill level 1 in Throwing
   986 | D:2      | Reached skill level 3 in Armour
   986 | D:2      | Reached skill level 1 in Stealth
   986 | D:2      | Reached skill level 1 in Shields
   986 | D:2      | Reached skill level 1 in Unarmed Combat
   986 | D:2      | Reached skill level 1 in Conjurations
   986 | D:2      | Reached skill level 1 in Hexes
   986 | D:2      | Reached skill level 1 in Summonings
   986 | D:2      | Reached skill level 1 in Necromancy
   986 | D:2      | Reached skill level 1 in Translocations
   986 | D:2      | Reached skill level 1 in Transmutations
   986 | D:2      | Reached skill level 1 in Fire Magic
   986 | D:2      | Reached skill level 1 in Ice Magic
   986 | D:2      | Reached skill level 1 in Air Magic
   986 | D:2      | Reached skill level 1 in Earth Magic
   986 | D:2      | Reached skill level 1 in Poison Magic
   986 | D:2      | Reached skill level 1 in Evocations
   986 | D:2      | Reached XP level 4. HP: 27/38 MP: 2/11
   986 | D:2      | Reached XP level 5. HP: 30/43 MP: 2/12
  1270 | D:2      | Reached XP level 6. HP: 31/50 MP: 13/13
  1610 | D:3      | Reached skill level 2 in Invocations
  1744 | D:4      | Reached skill level 5 in Fighting
  1744 | D:4      | Reached skill level 2 in Short Blades
  1744 | D:4      | Reached skill level 2 in Long Blades
  1744 | D:4      | Reached skill level 5 in Axes
  1744 | D:4      | Reached skill level 2 in Maces & Flails
  1744 | D:4      | Reached skill level 2 in Polearms
  1744 | D:4      | Reached skill level 2 in Staves
  1744 | D:4      | Reached skill level 2 in Slings
  1744 | D:4      | Reached skill level 2 in Bows
  1744 | D:4      | Reached skill level 2 in Crossbows
  1744 | D:4      | Reached skill level 2 in Throwing
  1744 | D:4      | Reached skill level 5 in Dodging
  1744 | D:4      | Reached skill level 2 in Stealth
  1744 | D:4      | Reached skill level 2 in Shields
  1744 | D:4      | Reached skill level 2 in Unarmed Combat
  1744 | D:4      | Reached skill level 2 in Evocations
  1839 | D:4      | Found a basalt altar of Yredelemnul.
  1909 | D:4      | Noticed Muffinman's ghost (amateur MiFi)
  1936 | D:4      | HP: 1/51 [Muffinman's ghost (15)]
  1936 | D:4      | Slain by Muffinman's ghost

Vault maps used:
D:1:      tarquinn_simple_flora_water_d
D:2:      grunt_temple_overflow_opulence, uniq_sigmund
D:3:      gammafunk_temple_overflow_elements
D:4:      kennysheep_ying_yang, chequers_temple_overflow_statue_of_worship,
          serial_shops, kennysheep_mini, minmay_misc_feat_tower

Skill      XL: |  1  2  3  4  5  6 |
---------------+-------------------+-----
Spellcasting   | 5 |  5.4
Invocations    | 1 2 |  2.2
Short Blades   | 1 2 |  2.0
Long Blades    | 1 2 |  2.0
Maces & Flails | 1 2 |  2.0
Polearms       | 1 2 |  2.0
Staves         | 1 2 |  2.0
Slings         | 1 2 |  2.0
Bows           | 1 2 |  2.0
Crossbows      | 1 2 |  2.0
Throwing       | 1 2 |  2.0
Armour         | 3 |  3.3
Stealth        | 1 2 |  2.0
Shields        | 1 2 |  2.0
Unarmed Combat | 1 2 |  2.0
Conjurations   | 1 |  1.6
Hexes          | 1 |  1.6
Summonings     | 1 |  1.6
Necromancy     | 1 |  1.6
Translocations | 1 |  1.6
Transmutations | 1 |  1.6
Fire Magic     | 1 |  1.6
Ice Magic      | 1 |  1.6
Air Magic      | 1 |  1.6
Earth Magic    | 1 |  1.6
Poison Magic   | 1 |  1.6
Evocations     | 1 2 |  2.0
Fighting       | 5 |  5.0
Axes           | 5 |  5.0
Dodging        | 5 |  5.0
Charms         | |  5.7

Action                   |  1- 3 |  4- 6 || total
-------------------------+-------+-------++-------
Melee: Hand axe          |   106 |    90 ||   196
       Bite              |     8 |     9 ||    17
       Punch             |     1 |     1 ||     2
 Cast: Regeneration      |     1 |     6 ||     7
       Spectral Weapon   |     1 |     3 ||     4
       Shroud of Golubri |     1 |     2 ||     3
 Stab: Sleeping          |     1 |     2 ||     3
  Eat: Chunk             |       |     3 ||     3
Armor: Leather armour    |    23 |    18 ||    41
Dodge: Dodged            |    77 |    56 ||   133

Table legend:
 A = Spawn XP
 B = Non-spawn XP
 C = Spawn XP percentage of total XP
 D = Spawn monster count
 E = Non-spawn monster count
 F = Spawn count percentage of total count
 G = Total turns spent on level
                    A         B        C        D         E        F      G
               +---------+---------+-------+---------+---------+-------+---------
         Total |       0 |     513 |   0.0 |       0 |      60 |   0.0 |  1936
               +---------+---------+-------+---------+---------+-------+---------
           D:1 |       0 |      66 |   0.0 |       0 |      30 |   0.0 |   914
           D:2 |       0 |     262 |   0.0 |       0 |      18 |   0.0 |   668
           D:3 |       0 |      55 |   0.0 |       0 |       6 |   0.0 |    64
           D:4 |       0 |     130 |   0.0 |       0 |       6 |   0.0 |   290
               +---------+---------+-------+---------+---------+-------+---------
